 Dungeon Crawl Stone Soup version 0.28-a0-683-ga8797d1ae1 (webtiles) character file.

Game seed: 6073656181304804774

141317 spiderkeys the Fighter (level 17, -11/95 HPs)
             Began as a Vine Stalker Abyssal Knight on Oct 18, 2021.
             Was the Champion of Lugonu.
             Mangled by a spark wasp (15 damage)
             ... on level 3 of the Spider Nest on Oct 19, 2021.
             The game lasted 01:32:18 (29364 turns).

spiderkeys the Fighter (VSAK)                      Turns: 29364, Time: 01:32:18

Health: -11/95     AC: 15    Str: 18    XL:     17   Next: 32%
Magic:  0/37       EV: 20    Int: 12    God:    Lugonu [******]
Gold:   318        SH:  0    Dex: 22    Spells: 19/30 levels left

rFire   . . .      SeeInvis +   T - +8 rapier of the Wizarding Fool {vorpal, Will+ Str+2}
rCold   . . .      Faith    .   (no shield)
rNeg    + . .      Spirit   +   s - +2 leather armour {Will+}
rPois   +          Reflect  .   J - +1 helmet
rElec   .          Harm     .   M - +2 cloak {Will+}
rCorr   .          Rampage  .   m - +2 pair of gloves
Will    +++++                   x - +2 pair of boots
Stlth   ++++++....              g - amulet of regeneration
HPRegen 2.25/turn               v - ring of see invisible
MPRegen 0.25/turn               z - ring of Rausch {rN+ MP+9 Int+2 Stlth+}

@: confusing by touch, studying 2 skills
A: fangs 3, regeneration 1, magic shield, antimagic bite, no potion heal 2,
talons 1, deformed body, poison resistance, shaggy fur 1
a: Renounce Religion, Depart the Abyss, Bend Space, Banish, Corrupt, Enter the
Abyss


You were on level 3 of the Spider Nest.
You worshipped Lugonu.
Lugonu was exalted by your worship.
You visited 4 branches of the dungeon, and saw 26 of its levels.
You visited the Abyss 1 time.
You also visited: Ice Cave.

You collected 4792 gold pieces.
You spent 4474 gold pieces at shops.


Innate Abilities, Weirdness & Mutations

You have razor-sharp teeth.
Your natural rate of healing is unusually fast.
When hurt, damage is shared between your health and your magic reserves.
Your bite disrupts and absorbs the magic of your enemies.
Potions cannot restore your health.
You have sharp toenails.
Armour fits poorly on your strangely shaped body.
Your system is resistant to poisons. (rPois)
You are covered in fur. (AC +1)


   Skills:
 + Level 13.0 Fighting
 + Level 12.9 Short Blades
 - Level 1.5 Armour
 - Level 11.1 Dodging
 - Level 12.0 Stealth
 + Level 4.0 Shields
 - Level 7.0 Spellcasting
 + Level 4.5 Conjurations
 - Level 12.0 Hexes
 + Level 7.7 Transmutations
 - Level 11.4 Invocations


You had 19 spell levels left.
You knew the following spells:

 Your Spells              Type           Power      Damage    Failure   Level
c - Confusing Touch       Hex            33%        N/A       1%          3
d - Dazzling Flash        Conj/Hex       48%        N/A       1%          3
X - Yara's Violent Unrav  Hex/Tmut       13%        3d7       10%         5

Your spell library contained the following spells:

 Spells                   Type           Power      Damage    Failure   Level
 Slow                     Hex            33%        N/A       1%          2
 Magic Dart               Conj           60%        1d6       3%          1
 Inner Flame              Hex/Fire       18%        N/A       4%          3
 Portal Projectile        Hex/Tloc       36%        N/A       4%          3
 Summon Guardian Golem    Hex/Summ       18%        N/A       4%          3
 Foxfire                  Conj/Fire      36%        2x1d5     8%          1
 Leda's Liquefaction      Hex/Erth       9%         N/A       16%         4
 Animate Skeleton         Necr           8%         N/A       19%         1
 Freeze                   Ice            16%        1d4       19%         1
 Pain                     Necr           16%        1d4       19%         1
 Summon Small Mammal      Summ           16%        N/A       19%         1
 Conjure Flame            Conj/Fire      9%         6-21      22%         3
 Call Imp                 Summ           4%         N/A       28%         2
 Corpse Rot               Necr/Air       8%         N/A       28%         2
 Poisonous Vapours        Pois/Air       8%         N/A       28%         2
 Sublimation of Blood     Necr           2%         N/A       28%         2
 Mephitic Cloud           Conj/Pois/Air  7%         N/A       30%         3
 Ice Form                 Ice/Tmut       13%        N/A       36%         4
 Petrify                  Tmut/Erth      13%        N/A       36%         4
 Irradiate                Conj/Tmut      9%         3d17      41%         5
 Metabolic Englaciation   Hex/Ice        9%         N/A       41%         5
 Silence                  Hex/Air        9%         N/A       41%         5
 Call Canine Familiar     Summ           4%         N/A       50%         3
 Frozen Ramparts          Ice            8%         1d2       50%         3
 Ozocubu's Armour         Ice            4%         N/A       50%         3
 Vampiric Draining        Necr           2%         2d6       50%         3
 Flame Wave               Conj/Fire      9%         3d4       58%         4
 Hailstorm                Conj/Ice       9%         3d4       58%         4
 Airstrike                Air            2%         N/A       88%         4
 Olgreb's Toxic Radiance  Pois           4%         N/A       88%         4
 Summon Ice Beast         Ice/Summ       4%         N/A       88%         4
 Summon Lightning Spire   Summ/Air       4%         N/A       88%         4
 Lightning Bolt           Conj/Air       4%         1d16      91%         5
 Agony                    Necr           4%         N/A       99%         5
 Excruciating Wounds      Necr           2%         N/A       99%         5
 Simulacrum               Ice/Necr       2%         N/A       100%        6
 Ozocubu's Refrigeration  Ice            2%         4d5       100%        7
 Ignition                 Fire           2%         3d3       100%        8

Inventory:

Hand Weapons
 f - a +8 quick blade of distortion {rare}
   (You acquired it on level 1 of the Lair of Beasts)
 t - the +9 quarterstaff of Roclocwe {flame, rPois}
   (You found it on level 3 of the Spider Nest)

   It burns those it strikes, dealing additional fire damage.
   rPois:     It protects you from poison.
 P - the +6 mace "Loxt" {holy, +Blink Will+ Stlth+}
   (You found it on level 3 of the Spider Nest)

   It has been blessed by the Shining One to cause great damage to the undead
   and demons.
   +Blink:    It lets you blink.
   Will:      It increases your willpower.
   Stlth:     It makes you more stealthy.
 T - the +8 rapier of the Wizarding Fool (weapon) {vorpal, Will+ Str+2}
   (You found it on level 4 of the Dungeon)

   It inflicts extra damage upon your enemies.
   Str:       It affects your strength (+2).
   Will:      It increases your willpower.
Missiles
 h - 4 javelins
 n - 36 poisoned darts
 o - 4 atropa-tipped darts
 q - a curare-tipped dart {=f}
 X - 11 boomerangs
Armour
 m - a +2 pair of gloves (worn)
   (You found it on level 3 of the Dungeon)
 s - a +2 leather armour of willpower (worn)
   (You found it on level 3 of the Dungeon)
 x - a +2 pair of boots (worn)
   (You found it on level 5 of the Dungeon)
 B - a +0 kite shield of protection
   (You bought it in a shop on level 2 of the Orcish Mines)
 J - a +1 helmet (worn)
   (You found it on level 10 of the Dungeon)
 M - a +2 cloak of willpower (worn)
   (You acquired it on level 7 of the Dungeon)
Jewellery
 g - an amulet of regeneration (around neck)
   (You found it on level 8 of the Dungeon)
 v - a ring of see invisible (left hand)
   (You found it on level 1 of the Lair of Beasts)
 z - the ring of Rausch (right hand) {rN+ MP+9 Int+2 Stlth+}
   (You bought it in a shop on level 7 of the Dungeon)

   [ring of magical power]

   Int:       It affects your intelligence (+2).
   rN:        It protects you from negative energy.
   MP:        It affects your magic capacity (+9).
   Stlth:     It makes you more stealthy.
 C - a ring of ice
   (You took it off Fannar on level 1 of the Lair of Beasts)
 H - the ring "Pihema" {rF+ rC+ Will+ Str+6}
   (You acquired it on level 1 of the Spider Nest)

   [ring of strength]

   Str:       It affects your strength (+6).
   rF:        It protects you from fire.
   rC:        It protects you from cold.
   Will:      It increases your willpower.
 L - a ring of flight
   (You found it on level 1 of the Lair of Beasts)
 R - a ring of resist corrosion
   (You found it on level 2 of the Dungeon)
 W - a ring of magical power
   (You found it on level 8 of the Dungeon)
 Z - a ring of wizardry
   (You took it off a centaur warrior on level 14 of the Dungeon)
Wands
 w - a wand of digging (5)
   (You found it on level 14 of the Dungeon)
 y - a wand of charming (18)
   (You found it on level 5 of the Dungeon)
 F - a wand of flame (31)
   (You found it on level 10 of the Dungeon)
 O - a wand of acid (4)
   (You found it on level 12 of the Dungeon)
 S - a wand of iceblast (39)
   (You found it on level 1 of the Lair of Beasts)
Scrolls
 a - a scroll of identify {@r1}
 i - 4 scrolls of vulnerability {!r!r}
 j - 2 scrolls of teleportation {@r4}
 k - a scroll of brand weapon
 D - 2 scrolls of immolation {!r!r}
 G - a scroll of fog
 I - a scroll of magic mapping {!r}
Potions
 b - 4 potions of flight
 c - 2 potions of cancellation
 d - 2 potions of haste {@q3}
 e - a potion of berserk rage {!q}
 l - 12 potions of curing {@q1}
 p - 2 potions of ambrosia
 u - 2 potions of degeneration {!q}
 A - 2 potions of might
 E - 4 potions of mutation {!q}
 K - 2 potions of magic
 N - a potion of invisibility
 Q - 2 potions of brilliance
 V - 2 potions of resistance
 Y - 6 potions of heal wounds {@q2}
Miscellaneous
 r - a tin of tremorstones (2/2)
   (You found it on level 4 of the Lair of Beasts)
 U - a lightning rod (4/4)
   (You found it on level 13 of the Dungeon)

Dungeon Overview and Level Annotations

Branches:
Dungeon (15/15)            Temple (0/1) D:7            Lair (6/6) D:9
 Shoals (0/4) Lair:3       Spider (3/4) Lair:3        Slime (0/5) Lair:6
    Orc (2/2) D:12            Elf (0/3) Orc:2        Vaults (0/5) D:13
 Depths (0/4) D:15          IceCv (visited)

Altars:
Ashenzari
Elyvilon
Gozag
Ru
Uskayaw
Vehumet
Wu Jian
Xom
Jiyva

Shops:
D:7 [?(:**   D:9 =   D:13 !   D:14 (   Orc:2 ?[?[(

Annotations:
Spider:3 corrupted
Abyss:1 Jorgrun, Nessos, Saint Roka

.......## ....^...##
.........## ..........#
.........^# ........#.#
........### #####
........# #..y###
........# #@..#
........## #...#
.........## ##.## #
........^.## ##.# .##
.#.#.......#####.##...#
.###....^........#^...#
###................#
###..#......(>....#
####..........^.#


You could see a spark wasp.


Message History

You miss the ufetubus. You bite the ufetubus. You drain its power.
The chaos spawn is caught in a web!
The ufetubus hits you but does no damage. x2
You hit the ufetubus.
You kill the ufetubus!
The ufetubus disappears in a puff of smoke!
You barely miss the will-o-the-wisp.
The will-o-the-wisp gives a chilling moan.
Your bite misses the will-o-the-wisp.
The chaos spawn struggles to get unstuck from the web.
The will-o-the-wisp engulfs you but does no damage. 😎 MP[+1]
You barely miss the will-o-the-wisp. You bite the will-o-the-wisp.
The will-o-the-wisp's magic leaks into the air.
You drain its magic.
The smoke demon gestures at the will-o-the-wisp.
The will-o-the-wisp is smitten.
You puncture the will-o-the-wisp! You bite the will-o-the-wisp!
The will-o-the-wisp's magic leaks into the air.
You drain its magic.
The chaos spawn struggles to get unstuck from the web.
The will-o-the-wisp engulfs you but does no damage.
The orange demon stings the will-o-the-wisp from afar.
The will-o-the-wisp is destroyed!
The will-o-the-wisp disappears in a puff of smoke!
The chaos spawn struggles to get unstuck from the web.
The quasit barely misses you. The quasit misses you.
The quasit completely misses you.
The chaos spawn struggles to get unstuck from the web.
The orange demon evades a web. 😎 MP[+1]
The tentacled starspawn evades a web.
The smoke demon passes through a web.
There is a stone staircase leading up here.
The quasit evades a web.
The smoke demon passes through a web.
The orange demon is caught in a web!
There is a stone staircase leading up here. 😎 MP[+1]
The orange demon pulls away from the web.
You climb upwards.
There is a stone staircase leading down here.
You start resting. 😎 MP[+20]
Your mp is fully restored (37).
You climb downwards.
Level annotation: corrupted
There is a stone staircase leading up here.
P - the +6 mace "Loxt" {holy, +Blink Will+ Stlth+} Your pack is full.
Items here: ) [[ †.
Your pack is full.
Items here: ) [[ †.
Okay, then.
Your pack is full.
Items here: ) [[ †.
Could not pick up an item here; shall I ignore it?
l - 12 potions of curing {@q1} (gained 1)
You now have 318 gold pieces (gained 23).
Found a stone staircase leading down.
Found a dyed leather armour.
A spark wasp comes into view.
You barely miss the spark wasp.
The spark wasp buzzes angrily.
Your bite misses the spark wasp.
You hear an angry buzzing noise.
The spark wasp stings you!! The spark wasp shocks you!
You hear an angry buzzing noise. 😮 HP[-28] MP[-11]
You take 28 damage, and now have 67/95 hp.
MASSIVE DAMAGE!! (PAUSE)
You lost 11 mp, and now have 26/37 mp.
You puncture the spark wasp! Your bite misses the spark wasp.
The spark wasp barely misses you. 😮 HP[+1]
You hit the spark wasp. Your bite misses the spark wasp.
The spark wasp stings you!! The spark wasp shocks you!
* * * LOW HITPOINT WARNING * * *
You hear an angry buzzing noise. 😨 HP[-25] MP[-9]
You take 25 damage, and now have 43/95 hp.
MASSIVE DAMAGE!! (PAUSE)
You lost 9 mp, and now have 17/37 mp.
Casting: Dazzling Flash (safe; 1% risk of failure)
Confirm with . or Enter, or press ? or * to list all spells.
Casting: Dazzling Flash (safe; 1% risk of failure)
Press: ? - help, Dir - look around, f - activate The spark wasp completely misses you. 😨 HP[+2] MP[-3]
You regained 2 hp, and now have 45/95 hp.
You lost 3 mp, and now have 14/37 mp.
Casting: Dazzling Flash (safe; 1% risk of failure)
Confirm with . or Enter, or press ? or * to list all spells.
Your hands begin to glow red.
The spark wasp stings you!!
* * * LOW HITPOINT WARNING * * *
The spark wasp shocks you!
* * * LOW HITPOINT WARNING * * *
The spark wasp stings you!!
* * * LOW HITPOINT WARNING * * *
The spark wasp shocks you!
You die...

Skill      XL: |  1  2  3  4  5  6  7  8  9 10 11 12 13 14 15 16 17 |
---------------+----------------------------------------------------+-----
Dodging        | 1 2 3 4 5 6 7 8 9 10 11 | 11.1
Invocations    | 2 3 4 5 6 7 8 9 10 11 | 11.4
Short Blades   | 2 3 4 5 6 7 8 9 10 11 12 | 12.9
Stealth        | 1 2 3 4 6 7 9 11 12 | 12.0
Fighting       | 3 4 5 6 7 9 10 11 12 13 | 13.0
Hexes          | 1 3 5 7 8 11 12 | 12.0
Spellcasting   | 1 4 5 6 7 |  7.0
Transmutations | 4 7 |  7.7
Conjurations   | 3 4 |  4.5
Shields        | 2 4 |  4.0
Armour         | |  1.5

Action                   |  1- 3 |  4- 6 |  7- 9 | 10-12 | 13-15 | 16-18 || total
-------------------------+-------+-------+-------+-------+-------+-------++-------
Melee: Dagger            |   101 |   124 |     3 |       |       |       ||   228
       Bite              |    19 |    36 |    65 |   255 |   580 |   389 ||  1344
       Rapier            |       |       |   214 |   578 |   725 |   666 ||  2183
       Short sword       |       |       |     7 |       |       |       ||     7
       Quick blade       |       |       |       |       |   544 |   108 ||   652
Throw: Stone             |       |     2 |     2 |     6 |     2 |       ||    12
       Javelin           |       |       |     1 |     1 |       |       ||     2
       Dart              |       |       |       |    21 |     5 |     4 ||    30
       Boomerang         |       |       |       |     1 |     2 |     1 ||     4
 Cast: Confusing Touch   |       |       |       |    31 |    49 |    11 ||    91
       Dazzling Flash    |       |       |       |       |    12 |    12 ||    24
       Yara's Violent Un |       |       |       |       |       |     4 ||     4
Invok: Depart the Abyss  |     1 |       |       |       |       |       ||     1
       Bend Space        |       |       |       |     7 |     2 |     9 ||    18
       Banish            |       |       |       |     1 |     7 |     4 ||    12
       Brand Weapon With |       |       |       |       |     1 |       ||     1
       Corrupt           |       |       |       |       |       |     1 ||     1
Evoke: Wand              |       |       |       |     3 |       |       ||     3
  Use: Scroll            |     4 |     1 |     5 |     6 |    23 |     7 ||    46
       Potion            |       |       |       |       |     5 |     2 ||     7
 Stab: Sleeping          |     5 |     3 |     9 |    14 |    51 |    15 ||    97
       Distracted        |     1 |       |       |       |     5 |     2 ||     8
       Confused          |       |       |       |    21 |    37 |     8 ||    66
       Invisible         |       |       |       |       |     9 |     7 ||    16
Armor: Leather armour    |    18 |    19 |    59 |   128 |   283 |   319 ||   826
Dodge: Dodged            |    44 |    64 |   106 |   378 |   787 |   857 ||  2236

Levels and vault maps discovered:
D:1:      lightli_arrival_flooded_house, layout_loops_corners,
          ebering_ecumenical_altar_webs, minivault_14, minivault_19
D:2:      layout_basic, minivault_25
D:3:      cheibrodos_thug_alley, layout_basic, grunt_decor_one_mirror,
          chequers_serial_rivers_micro_a
D:4:      layout_basic
D:5:      layout_basic, elyvilon_altar_3, chequers_serial_rivers_micro_b
D:6:      layout_rooms, gammafunk_temple_overflow_wave
D:7:      layout_basic, nicolae_gozag_cash_rules_everything_around_me,
          minmay_temple_entry_proselytizer, serial_shops, shop, shop,
          shop_fountains, shop, shop, hangedman_decor_peaks_small,
          hangedman_abyss_or_decor_lesser_grid, corexii_item_surrounded_by_moat,
          nicolae_shop_firing_range
D:8:      layout_loops_ring, minmay_lizard_king
D:9:      layout_loops_ring, dpeg_lair_monsters, serial_shops, shop_statue
D:10:     layout_loops_corners, mainiacjoe_overflow_tiny_flanked,
          xom_redecorated
D:11:     layout_irregular_city
D:12:     layout_big_octagon, david_orc_2, nicolae_uskayaw_suspiria
D:13:     layout_small_grid, erik_vaults_1, serial_shops,
          nicolae_shop_waterfront, uniq_urug
D:14:     layout_roguey, kennysheep_nondescript, serial_shops,
          nicolae_square_shop, nzn_wu_jian_contemplation, uniq_agnes,
          uniq_jorgrun
D:15:     grunt_enter_depths_magical_seal, layout_layer_cave,
          evilmike_ruin_ashenzari, uniq_josephine
Lair:1:   minmay_lair_venomous_thicket, layout_layer_cave, serial_bayou_shore_b,
          lemuel_fruit_fields, serial_bayou_shore_b, uniq_grum, uniq_maggie,
          uniq_fannar
Lair:2:   layout_roguey, infiniplex_staircase_pool_2
Lair:3:   layout_regular_city, minmay_shoals_entry_lonely_mermaid,
          dummy_spider_entry, beast_lair_carwin_11
Lair:4:   layout_roguey, hangedman_lair_generics_rect, grunt_megastairs_5,
          uniq_nessos
Lair:5:   layout_long_grid, lemuel_fruit_tree, serial_bayou_shore_a
Lair:6:   cheibrodos_lair_end_hotspot, layout_layer_cave,
          dpeg_slime_entry_enclosed_altar
Spider:1: layout_chambers, uniq_nikola, uniq_frances
Spider:2: layout_spider_delve, guppyfry_hornet_nest,
          hangedman_spider_tarantella_strand
Spider:3: layout_spider_delve, nicolae_spider_paper_wasps,
          nicolae_spider_cling_halls, uniq_donald
Orc:1:    layout_caves, portal_ice_cave_entry_pillars_2
Orc:2:    st_orc_rangers, layout_diamond_mine, serial_shops, shop,
          nicolae_orc_sculptors_studio, uniq_saint_roka

Notes
Turn   | Place    | Note
-------+----------+-------------------------------------------
     0 | Abyss:1  | spiderkeys the Vine Stalker Abyssal Knight began the quest
                  | for the Orb.
     0 | Abyss:1  | Reached XP level 1. HP: 11/11 MP: 3/3
     0 | Abyss:1  | magus.rc [v1.9.10]
    24 | Abyss:1  | Noticed a chaos spawn
    24 | Abyss:1  | Noticed a chaos spawn
    26 | Abyss:1  | Noticed a small abomination
    54 | D:1      | You pass through the gate.
    54 | D:1      | Escaped the Abyss
   259 | D:1      | You pick up a book of Storms and begin reading...
   259 | D:1      | You add the spells Airstrike, Summon Lightning Spire and
                  | Lightning Bolt to your library.
   430 | D:1      | Reached skill level 1 in Dodging
   430 | D:1      | Reached XP level 2. HP: 12/16 MP: 2/4
   507 | D:1      | Reached skill level 2 in Invocations
   507 | D:1      | Reached * piety under Lugonu
   557 | D:1      | Reached skill level 2 in Short Blades
   596 | D:1      | You pick up a book of Callings and begin reading...
   596 | D:1      | You add the spells Summon Small Mammal, Call Canine
                  | Familiar and Summon Guardian Golem to your library.
   627 | D:1      | Reached skill level 1 in Stealth
   749 | D:1      | Reached XP level 3. HP: 18/19 MP: 3/5
   808 | D:1      | Found a faded altar of an unknown god.
  1480 | D:2      | You pick up a book of Necromancy and begin reading...
  1480 | D:2      | You add the spells Pain, Animate Skeleton and Vampiric
                  | Draining to your library.
  1508 | D:2      | Reached skill level 3 in Fighting
  1702 | D:2      | HP: 4/20 [hobgoblin (7)]
  2157 | D:2      | Gained mutation: Your natural rate of healing is unusually
                  | fast. [Vine Stalker growth]
  2157 | D:2      | Reached XP level 4. HP: 24/24 MP: 6/6
  2455 | D:3      | You pick up a book of Alchemy and begin reading...
  2455 | D:3      | You add the spells Sublimation of Blood, Petrify and
                  | Irradiate to your library.
  2463 | D:3      | Reached ** piety under Lugonu
  2464 | D:3      | Reached skill level 2 in Stealth
  2563 | D:3      | Reached XP level 5. HP: 28/28 MP: 4/7
  2629 | D:3      | Noticed a black bear
  2649 | D:3      | Killed a black bear
  2650 | D:3      | Reached skill level 2 in Dodging
  2650 | D:3      | Reached skill level 3 in Stealth
  2650 | D:3      | Reached skill level 3 in Invocations
  2689 | D:3      | Reached XP level 6. HP: 32/32 MP: 9/9
  2850 | D:3      | Reached skill level 3 in Short Blades
  3405 | D:4      | You pick up a book of Debilitation and begin reading...
  3405 | D:4      | You add the spells Slow and Confusing Touch to your
                  | library.
  3424 | D:4      | Noticed a necrophage
  3429 | D:4      | Killed a necrophage
  3430 | D:4      | Reached skill level 4 in Fighting
  3430 | D:4      | Reached skill level 4 in Stealth
  3430 | D:4      | Reached XP level 7. HP: 37/37 MP: 10/10
  3437 | D:4      | Identified the +8 rapier of the Wizarding Fool {vorpal,
                  | Will+ Str+2}
  3511 | D:4      | You pick up a book of Frost and begin reading...
  3511 | D:4      | You add the spells Freeze, Frozen Ramparts and Hailstorm to
                  | your library.
  3730 | D:5      | Entered Level 5 of the Dungeon
  3880 | D:5      | You pick up a book of Flames and begin reading...
  3880 | D:5      | You add the spells Foxfire, Conjure Flame, Inner Flame and
                  | Flame Wave to your library.
  4148 | D:5      | Reached skill level 3 in Dodging
  4148 | D:5      | Reached skill level 4 in Invocations
  4253 | D:5      | Found a white marble altar of Elyvilon.
  4258 | D:5      | Reached *** piety under Lugonu
  4657 | D:6      | Gained mutation: You have razor-sharp teeth. [Vine Stalker
                  | growth]
  4657 | D:6      | Reached XP level 8. HP: 42/42 MP: 10/12
  4682 | D:6      | Reached skill level 4 in Short Blades
  4682 | D:6      | Reached skill level 5 in Stealth
  4903 | D:6      | Reached skill level 5 in Fighting
  4909 | D:6      | Reached skill level 6 in Stealth
  4909 | D:6      | Reached skill level 5 in Invocations
  4921 | D:6      | Reached skill level 4 in Dodging
  5001 | D:6      | Found a hide-covered altar of Uskayaw.
  5001 | D:6      | Found a sacrificial altar of Ru.
  5170 | D:7      | You pick up a book of the Tundra and begin reading...
  5170 | D:7      | You add the spells Ice Form and Simulacrum to your library.
  5237 | D:7      | Found Zatig's Firing Range.
  5281 | D:7      | Found Kycefir's Magic Scroll Emporium.
  5294 | D:7      | Found Kih Rucy's Antique Armour Shoppe.
  5332 | D:7      | Found an opulent altar of Gozag.
  5378 | D:7      | Reached XP level 9. HP: 47/47 MP: 13/13
  5525 | D:7      | Found Pitemarph's Assorted Antiques.
  5528 | D:7      | Found Osusoh's Book Boutique.
  5566 | D:7      | Found Urumesim's Assorted Antiques.
  5574 | D:7      | Reached skill level 5 in Short Blades
  5583 | D:7      | Bought a twitching bronze ring for 175 gold pieces
  5583 | D:7      | Identified the ring of Rausch {rN+ MP+9 Int+2 Stlth+} (You
                  | bought it in a shop on level 7 of the Dungeon)
  5700 | D:7      | Found a staircase to the Ecumenical Temple.
  5925 | D:8      | Reached **** piety under Lugonu
  5926 | D:8      | Reached skill level 7 in Stealth
  6129 | D:8      | Learned a level 3 spell: Confusing Touch
  6242 | D:8      | Reached skill level 6 in Invocations
  6312 | D:8      | Reached skill level 1 in Hexes
  6321 | D:8      | Reached skill level 6 in Fighting
  6321 | D:8      | Reached skill level 1 in Spellcasting
  6353 | D:8      | You pick up a book of Vapours and begin reading...
  6353 | D:8      | You add the spells Poisonous Vapours and Corpse Rot to your
                  | library.
  6436 | D:8      | Noticed a komodo dragon
  6471 | D:8      | Killed a komodo dragon
  6472 | D:8      | Reached skill level 5 in Dodging
  6472 | D:8      | Reached XP level 10. HP: 48/53 MP: 10/15
  6813 | D:9      | Reached skill level 2 in Spellcasting
  6814 | D:9      | Reached skill level 2 in Hexes
  6831 | D:9      | Noticed a death yak
  6834 | D:9      | Noticed a death yak
  6836 | D:9      | Reached skill level 6 in Short Blades
  7117 | D:9      | Found Zuloz's Jewellery Boutique.
  7158 | D:9      | Noticed a two-headed ogre
  7160 | D:9      | Killed a two-headed ogre
  7161 | D:9      | Reached skill level 3 in Spellcasting
  7161 | D:9      | Reached skill level 3 in Hexes
  7180 | D:9      | Noticed a death yak
  7242 | D:9      | Killed a death yak
  7243 | D:9      | Reached skill level 7 in Invocations
  7285 | D:9      | Killed a death yak
  7286 | D:9      | Reached skill level 4 in Spellcasting
  7286 | D:9      | Reached XP level 11. HP: 40/58 MP: 14/18
  7374 | D:9      | Reached skill level 7 in Fighting
  7374 | D:9      | Reached skill level 6 in Dodging
  7414 | D:9      | Killed a death yak
  7415 | D:9      | Reached skill level 4 in Hexes
  7451 | D:9      | Noticed a two-headed ogre
  7475 | D:9      | Reached skill level 7 in Short Blades
  7527 | D:9      | Killed a two-headed ogre
  7658 | D:9      | Found a staircase to the Lair.
  7661 | D:9      | Reached ***** piety under Lugonu
  7921 | D:10     | Entered Level 10 of the Dungeon
  8149 | D:10     | Noticed a two-headed ogre
  8153 | D:10     | Killed a two-headed ogre
  8182 | D:10     | Noticed a two-headed ogre
  8193 | D:10     | Killed a two-headed ogre
  8194 | D:10     | Reached skill level 5 in Spellcasting
  8342 | D:10     | Reached skill level 8 in Invocations
  8366 | D:10     | Noticed a two-headed ogre
  8373 | D:10     | Killed a two-headed ogre
  8374 | D:10     | Reached skill level 5 in Hexes
  8509 | D:10     | Noticed a two-headed ogre
  8525 | D:10     | Killed a two-headed ogre
  8610 | D:10     | Found a radiant altar of Vehumet.
  8642 | D:10     | Found a shimmering altar of Xom.
  8642 | D:10     | Found a shimmering altar of Xom.
  8643 | D:10     | Found a shimmering altar of Xom.
  8644 | D:10     | Found a shimmering altar of Xom.
  8848 | D:11     | You pick up a book of the Hunter and begin reading...
  8848 | D:11     | You add the spells Portal Projectile and Leda's
                  | Liquefaction to your library.
  8904 | D:11     | You add the spells Olgreb's Toxic Radiance, Ozocubu's
                  | Refrigeration and Ignition to your library.
  8946 | D:11     | Identified the +9 glaive of Dawn {freeze, rPois Str+4}
  9085 | D:11     | Noticed a manticore
  9101 | D:11     | Noticed a manticore
  9114 | D:11     | Killed a manticore
  9121 | D:11     | Reached XP level 12. HP: 63/64 MP: 21/21
  9327 | D:11     | Noticed a two-headed ogre
  9353 | D:11     | Reached skill level 8 in Fighting
  9353 | D:11     | Reached skill level 7 in Dodging
  9404 | D:11     | Killed a two-headed ogre
  9405 | D:11     | Reached skill level 8 in Short Blades
  9679 | D:11     | Reached skill level 6 in Spellcasting
  9679 | D:11     | Reached skill level 6 in Hexes
 10214 | D:12     | Found a hide-covered altar of Uskayaw.
 10310 | D:12     | Noticed a five-headed hydra
 10415 | D:12     | Reached skill level 9 in Invocations
 10430 | D:12     | Found a staircase to the Orcish Mines.
 10794 | D:12     | Banished a five-headed hydra
 11160 | Orc:1    | Entered Level 1 of the Orcish Mines
 11279 | Orc:1    | Reached skill level 7 in Hexes
 11300 | Orc:1    | Reached ****** piety under Lugonu
 11347 | Orc:1    | Found a frozen archway.
 11385 | IceCv    | Entered an ice cave
 11396 | IceCv    | HP: 16/65 [lindwurm simulacrum (21)]
 11396 | IceCv    | HP: 4/65 [lindwurm simulacrum (9)]
 11588 | Orc:1    | HP: 14/65 [orc priest/divine providence[an orc knight]
                  | (11)]
 11591 | Orc:1    | Reached skill level 9 in Fighting
 11591 | Orc:1    | Reached XP level 13. HP: 19/70 MP: 6/24
 11916 | Orc:2    | Entered Level 2 of the Orcish Mines
 12006 | Orc:1    | Reached skill level 9 in Short Blades
 12006 | Orc:1    | Reached skill level 8 in Dodging
 12161 | Orc:2    | Noticed Saint Roka
 12201 | Orc:2    | Reached skill level 7 in Spellcasting
 12495 | Orc:2    | Gained mutation: You occasionally shout uncontrollably at
                  | your foes. [potion of mutation]
 12495 | Orc:2    | Gained mutation: Armour fits poorly on your strangely
                  | shaped body. [potion of mutation]
 12496 | Orc:2    | Gained mutation: You have a pair of small antennae on your
                  | head. [potion of mutation]
 12497 | Orc:2    | Lost mutation: You occasionally shout uncontrollably at
                  | your foes. [potion of mutation]
 12497 | Orc:2    | Lost mutation: You have a pair of small antennae on your
                  | head. [potion of mutation]
 12497 | Orc:2    | Gained mutation: You have sharp toenails. [potion of
                  | mutation]
 12497 | Orc:2    | Gained mutation: You are covered in fur. (AC +1) [potion of
                  | mutation]
 12497 | Orc:2    | Gained mutation: Your system is resistant to poisons.
                  | (rPois) [potion of mutation]
 12542 | Orc:2    | HP: 17/70 [orc knight (19)]
 12694 | Orc:1    | Reached skill level 8 in Stealth
 13153 | D:7      | Bought a scroll of acquirement for 676 gold pieces
 13153 | D:7      | Acquired a +2 cloak of willpower
 13227 | D:7      | Bought a book of the Senses for 384 gold pieces
 13227 | D:7      | You pick up a book of the Senses and begin reading...
 13227 | D:7      | You add the spells Dazzling Flash, Agony and Silence to
                  | your library.
 13231 | D:7      | Learned a level 3 spell: Dazzling Flash
 13265 | Lair:1   | Entered Level 1 of the Lair of Beasts
 13358 | Lair:1   | Noticed Maggie
 13376 | Lair:1   | Killed Maggie
 13535 | Lair:1   | Reached skill level 8 in Hexes
 13600 | Lair:1   | Noticed Grum
 13656 | Lair:1   | Killed Grum
 13726 | Lair:1   | Reached skill level 9 in Stealth
 13983 | Lair:1   | Acquired a manual of Hexes
 13990 | Lair:1   | Noticed Fannar
 14053 | Lair:1   | Killed Fannar
 14298 | Lair:1   | Reached skill level 10 in Fighting
 14298 | Lair:1   | Reached XP level 14. HP: 77/77 MP: 25/25
 14541 | Lair:1   | Acquired 1137 gold pieces
 14780 | Lair:1   | Reached skill level 9 in Hexes
 14796 | Lair:1   | Acquired a +5 quick blade
 14800 | Lair:1   | f - a +5 quick blade {rare}
 14804 | Lair:1   | Do you wish to have your +5 quick blade {rare} corrupted
                  | with distortion?
 14804 | Lair:1   | Identified a +7 quick blade of distortion {rare} (a +5
                  | quick blade {rare} corrupted by Lugonu)
 14804 | Lair:1   | Your quick blade {rare} shines brightly!
 14804 | Lair:1   | Received a gift from Lugonu
 15115 | Lair:2   | Reached skill level 10 in Short Blades
 15136 | Lair:2   | Reached skill level 9 in Dodging
 15358 | Lair:2   | Reached skill level 10 in Stealth
 15683 | Lair:2   | You fall into a shaft and drop 2 floors!
 15830 | Lair:3   | Found a hole to the Spider Nest.
 15929 | Lair:3   | Reached skill level 10 in Hexes
 16632 | Lair:3   | Found a staircase to the Shoals.
 17199 | Lair:4   | You pick up a book of Minor Magic and begin reading...
 17199 | Lair:4   | You add the spells Magic Dart, Call Imp and Mephitic Cloud
                  | to your library.
 17211 | Lair:4   | Noticed Nessos
 17344 | Lair:3   | Reached skill level 11 in Stealth
 17729 | Lair:4   | Banished Nessos
 17779 | Lair:4   | You pick up a book of Rime and begin reading...
 18050 | Lair:4   | f - a +7 quick blade of distortion (weapon) {rare}
 18122 | Lair:4   | Reached skill level 11 in Hexes
 18437 | Lair:4   | Reached XP level 15. HP: 81/81 MP: 26/26
 18451 | Lair:4   | Reached skill level 11 in Fighting
 18571 | Lair:5   | You pick up a book of Misfortune and begin reading...
 18578 | Lair:5   | Learned a level 5 spell: Yara's Violent Unravelling
 19102 | Lair:6   | Entered Level 6 of the Lair of Beasts
 19109 | Lair:6   | Reached skill level 11 in Short Blades
 19109 | Lair:6   | Reached skill level 1 in Transmutations
 19237 | Lair:6   | Reached skill level 10 in Dodging
 19463 | Lair:6   | Reached skill level 12 in Stealth
 19463 | Lair:6   | Reached skill level 2 in Transmutations
 19653 | Lair:6   | Reached skill level 12 in Hexes
 19746 | Lair:6   | You pick up a book of the Senses and begin reading...
 19881 | Lair:6   | Found a viscous altar of Jiyva.
 19881 | Lair:6   | Found a staircase to the Slime Pits.
 19997 | Lair:6   | Reached skill level 3 in Transmutations
 20134 | Lair:6   | Found a large runed translucent door.
 20135 | Lair:6   | Found a large runed translucent door.
 21090 | D:7      | Bought a scroll of acquirement for 1560 gold pieces
 21090 | D:7      | Acquired 1207 gold pieces
 21109 | D:7      | Bought a fuming orange potion for 31 gold pieces
 21109 | D:7      | Bought a scroll of enchant armour for 262 gold pieces
 21159 | D:7      | Bought a scroll of enchant weapon for 97 gold pieces
 21159 | D:7      | Bought 2 scrolls of identify for 52 gold pieces
 21213 | D:7      | Bought a manual of Invocations for 960 gold pieces
 21213 | D:7      | magus.rc [v1.9.10]
 21213 | D:7      | your +7 quick blade of distortion {rare} glows red for a
                  | moment.
 21385 | D:13     | Noticed Urug
 21392 | D:13     | Killed Urug
 21396 | D:13     | Found a gate to the Vaults.
 21460 | D:13     | f - a +8 quick blade of distortion (weapon) {rare}
 21632 | D:13     | Found Dumyt's Distillery.
 21772 | D:13     | You pick up a book of Pain and begin reading...
 22123 | D:14     | Reached skill level 4 in Transmutations
 22133 | D:14     | Found an ornate altar of the Wu Jian Council.
 22234 | D:14     | Noticed Jorgrun
 22264 | D:14     | Hit: f) +8 quick blade (distort) {rare}
 22264 | D:14     | Hit: f) +8 quick blade (distort) {rare}
 22270 | D:14     | Banished Jorgrun
 22448 | D:14     | Noticed Agnes
 22450 | D:14     | Killed Agnes
 22592 | D:14     | Reached skill level 10 in Invocations
 22613 | D:14     | Reached XP level 16. HP: 88/88 MP: 27/27
 22856 | D:14     | Reached skill level 12 in Fighting
 22856 | D:14     | Reached skill level 5 in Transmutations
 22879 | D:14     | Found Vir Seed's Antique Weapon Shop.
 23116 | D:15     | Entered Level 15 of the Dungeon
 23209 | D:15     | Found a broken altar of Ashenzari.
 23276 | D:15     | Noticed Josephine
 23279 | D:15     | Reached skill level 12 in Short Blades
 23305 | D:15     | Killed Josephine
 23592 | D:15     | Reached skill level 11 in Dodging
 23866 | D:15     | Reached skill level 11 in Invocations
 24254 | D:15     | Found a staircase to the Depths.
 24811 | Orc:2    | Identified the +7 dagger of Ruos {vorpal, Fragile Str+5}
 25003 | Orc:2    | Banished Saint Roka
 25004 | Orc:2    | Reached skill level 6 in Transmutations
 25288 | Orc:2    | Found Rofudufu's Magic Scroll Emporium.
 25303 | Orc:2    | Found a staircase to the Elven Halls.
 25455 | Orc:2    | Found Hodarewess's Magic Scroll Shop.
 25455 | Orc:2    | Found Ruma's Antique Armour Shoppe.
 25457 | Orc:2    | Found Seleig's Weapon Emporium.
 25459 | Orc:2    | Found Xekkoric's Armour Boutique.
 25476 | Orc:2    | Bought a runed kite shield for 277 gold pieces
 25703 | Spider:1 | Entered Level 1 of the Spider Nest
 25857 | Spider:1 | Acquired the ring "Pihema" {rF+ rC+ Will+ Str+6}
 25936 | Spider:1 | Reached skill level 1 in Conjurations
 25947 | Spider:1 | Reached skill level 1 in Shields
 26031 | Spider:1 | Noticed Frances
 26070 | Spider:1 | Killed Frances
 26278 | Spider:1 | Noticed Nikola
 26301 | Spider:1 | Killed Nikola
 26302 | Spider:1 | Reached skill level 2 in Conjurations
 26355 | Spider:1 | Reached skill level 2 in Shields
 27161 | Spider:2 | Reached skill level 3 in Conjurations
 27186 | Spider:2 | Reached skill level 7 in Transmutations
 27435 | Spider:1 | Reached XP level 17. HP: 84/94 MP: 28/28
 27522 | Spider:2 | Reached skill level 3 in Shields
 27733 | Spider:2 | You pick up a book of Winter and begin reading...
 27733 | Spider:2 | You add the spells Ozocubu's Armour and Metabolic
                  | Englaciation to your library.
 27935 | Spider:2 | Reached skill level 4 in Conjurations
 28311 | Spider:3 | Identified the +9 quarterstaff of Roclocwe {flame, rPois}
 28501 | Spider:2 | HP: 17/94 [poisoned by a redback]
 28760 | Spider:2 | Reached skill level 13 in Fighting
 28963 | Spider:3 | Identified the +6 mace "Loxt" {holy, +Blink Will+ Stlth+}
 29039 | Spider:3 | Noticed Donald
 29050 | Spider:2 | Reached skill level 4 in Shields
 29102 | Spider:3 | Corrupted Spider:3
 29102 | Spider:3 | Noticed a bone dragon
 29115 | Spider:3 | Killed Donald
 29157 | Spider:3 | Noticed a tentacled starspawn
 29162 | Spider:3 | Noticed a bone dragon
 29164 | Spider:3 | Noticed a lich
 29364 | Spider:3 | HP: 20/95 [spark wasp (13)]
 29364 | Spider:3 | HP: 4/95 [spark wasp (16)]
 29364 | Spider:3 | Mangled by a spark wasp

Vanquished Creatures
  Nikola (Spider:1)
  Frances (Spider:1)
  Agnes (D:14)
  2 entropy weavers
  3 spark wasps (Spider:2)
  A fire dragon (Lair:6)
  Josephine (D:15)
  Fannar (Lair:1)
  2 boulder beetles
  3 centaur warriors
  A catoblepas (Lair:4)
  11 hydras
  2 dancing weapons (D:13)
  8 two-headed ogres
  8 death yaks
  An orc high priest (Orc:2)
  Urug (D:13)
  A necromancer (D:15)
  2 wizards
  7 orc knights
  A lindwurm (Lair:6)
  A deep elf zephyrmancer (D:15)
  6 orb spiders
  3 deep elf pyromancers
  13 wolf spiders
  5 manticores
  13 ugly things
  4 cyclopes
  A wolf spider zombie (D:15)
  5 orc sorcerers
  3 moths of wrath
  8 black mambas
  A merfolk siren (Lair:3)
  3 molten gargoyles (Lair:6)
  10 elephants
  A torpor snail (Lair:4)
  Maggie (Lair:1)
  2 gargoyles (D:12)
  A centaur skeleton (D:15)
  13 komodo dragons
  14 cane toads
  2 unseen horrors
  A tengu conjurer (D:15)
  2 rime drakes
  8 demonic crawlers
  2 kobold demonologists (D:13)
  7 trolls
  A hornet (shapeshifter) (D:15)
  23 jumping spiders
  8 hornets
  4 polar bears
  29 blink frogs
  14 slime creatures
  9 dream sheep
  2 shadows
  41 redbacks
  48 yaks
  14 tarantellas
  5 wyverns
  A vampire (D:14)
  3 wraiths (D:15)
  Grum (Lair:1)
  9 basilisks
  A basilisk (shapeshifter) (D:13)
  5 steam dragons
  3 wargs
  3 acid dragons
  3 hell hounds (Lair:6)
  7 water moccasins
  An ice beast (D:6)
  34 orc warriors
  3 black bears
  2 sky beasts (D:7)
  4 ogres
  2 necrophages
  13 wolves
  17 centaurs
  2 phantoms
  3 kobold brigands
  13 bullfrogs
  3 scorpions
  A water moccasin skeleton (D:7)
  A wyvern skeleton (D:6)
  6 killer bees (D:8)
  12 wights
  An electric eel (Lair:5)
  3 howler monkeys
  4 lava snakes (Lair:6)
  A komodo dragon simulacrum (IceCv)
  7 centaur zombies
  3 hounds
  2 jellies
  15 orc priests
  A bullfrog skeleton (D:7)
  3 iguanas
  27 orc wizards
  5 hell rats (Lair:6)
  A killer bee zombie (D:6)
  A howler monkey zombie (D:9)
  12 adders
  A white imp (D:7)
  An ufetubus (D:7)
  A worm (D:2)
  A dart slug (D:3)
  80 orcs
  6 ball pythons
  3 bats
  6 endoplasms
  2 giant cockroaches (D:1)
  7 hobgoblins
  5 jackals
  5 quokkas
  3 training dummies (D:7)
  7 frilled lizards
  5 goblins
  28 kobolds
  6 rats
793 creatures vanquished.

Vanquished Creatures (others)
  Donald (Spider:3)
  A centaur warrior (D:15)
  An orb spider (Spider:3)
  A wolf spider (Spider:3)
  2 tarantellas (Spider:3)
  2 redbacks (Spider:3)
  An orc wizard (Orc:1)
  An orc (Orc:1)
  5 foxfires (Spider:3)
  50 fungi
  83 plants
148 creatures vanquished.

Grand Total: 941 creatures vanquished

Table legend:
 A = Non-vault XP
 B = Vault XP
 C = Vault XP percentage of total XP
 D = Non-vault monster count
 E = Vault monster count
 F = Vault count percentage of total count
                 A         B        C        D         E       F
            +---------+---------+-------+---------+---------+-------
      Total |  152066 |   49816 |  24.7 |     651 |     172 |  20.9
            +---------+---------+-------+---------+---------+-------
        D:1 |      44 |       0 |   0.0 |      29 |       0 |   0.0
        D:2 |      42 |       0 |   0.0 |      15 |       0 |   0.0
        D:3 |     325 |     107 |  24.8 |      25 |      10 |  28.6
        D:4 |     294 |       0 |   0.0 |      11 |       0 |   0.0
        D:5 |     355 |       0 |   0.0 |      12 |       0 |   0.0
        D:6 |     919 |       0 |   0.0 |      23 |       0 |   0.0
        D:7 |     612 |      47 |   7.1 |       9 |       4 |  30.8
        D:8 |    1702 |     460 |  21.3 |      32 |       7 |  17.9
        D:9 |    3528 |    3657 |  50.9 |      25 |       9 |  26.5
       D:10 |    5124 |       0 |   0.0 |      15 |       0 |   0.0
       D:11 |    5607 |       0 |   0.0 |      23 |       0 |   0.0
       D:12 |    6811 |     141 |   2.0 |      37 |       5 |  11.9
       D:13 |    3208 |    2446 |  43.3 |       9 |       3 |  25.0
       D:14 |   13811 |    3520 |  20.3 |      27 |       2 |   6.9
       D:15 |    9389 |    6974 |  42.6 |      27 |      14 |  34.1
     Lair:1 |   12835 |    3983 |  23.7 |      40 |      17 |  29.8
     Lair:2 |    4490 |       0 |   0.0 |      16 |       0 |   0.0
     Lair:3 |   10854 |    1709 |  13.6 |      33 |       9 |  21.4
     Lair:4 |    9394 |    5425 |  36.6 |      25 |      10 |  28.6
     Lair:5 |    4106 |       0 |   0.0 |      14 |       0 |   0.0
     Lair:6 |   12302 |    7262 |  37.1 |      40 |      27 |  40.3
   Spider:1 |   17092 |    3903 |  18.6 |      53 |       2 |   3.6
   Spider:2 |   19407 |    1642 |   7.8 |      51 |       6 |  10.5
   Spider:3 |    2794 |       0 |   0.0 |      10 |       0 |   0.0
      Orc:1 |    4038 |     758 |  15.8 |      36 |       6 |  14.3
      Orc:2 |    2983 |    7736 |  72.2 |      14 |      40 |  74.1
      IceCv |       0 |      46 | 100.0 |       0 |       1 | 100.0
            +---------+---------+-------+---------+---------+-------

Illustrated notes

Table legend:
 A = Kills in this place as a percentage of kills in entire the game.
 B = Kills by you in this place as a percentage of kills by you in the entire game.
 C = Kills by friends in this place as a percentage of kills by friends in the entire game.
 D = Other kills in this place as a percentage of other kills in the entire game.
 E = Experience gained in this place as a percentage of experience gained in the entire game.
 F = Experience gained in this place divided by the number of levels of this place that you have seen.
                   A       B       C       D       E      F
               +-------+-------+-------+-------+-------+----------------------
         Total | 100.0 | 100.0 |   N/A | 100.0 | 100.0 | 7210.1
       Dungeon |  45.3 |  46.5 |   N/A |  18.2 |  34.2 | 4608.2
          Lair |  28.1 |  26.6 |   N/A |  63.6 |  35.8 | 12060.0
   Spider Nest |  14.8 |  15.3 |   N/A |   3.0 |  22.2 | 14946.0
  Orcish Mines |  11.7 |  11.5 |   N/A |  15.2 |   7.7 | 7757.5
      Ice Cave |   0.1 |   0.1 |   N/A |   0.0 |   0.0 |  46.0
               +-------+-------+-------+-------+-------+----------------------

Table legend: (Time is in decaauts)
 A = Elapsed time spent in this place.
 B = Non-inter-level travel time spent in this place.
 C = Inter-level travel time spent in this place.
 D = Time resting spent in this place.
 E = Time spent auto-exploring this place.
 F = Levels seen in this place.
 G = Mean time per level.
                   A        B        C        D        E       F      G
               +--------+--------+--------+--------+--------+-----+--------+
         Total |  28388 |  26629 |   1759 |   2322 |  17167 |  28 | 1013.9 |
       Dungeon |  14888 |  13742 |   1146 |    686 |   9680 |  15 |  992.5 |
          Lair |   7417 |   7125 |    292 |    543 |   4723 |   6 | 1236.2 |
   Spider Nest |   3491 |   3225 |    266 |    410 |   1885 |   3 | 1163.7 |
  Orcish Mines |   2522 |   2468 |     54 |    683 |    855 |   2 | 1261.0 |
         Abyss |     54 |     54 |      0 |      0 |     23 |   1 |   54.0 |
      Ice Cave |     13 |     13 |      0 |      0 |      0 |   1 |   13.0 |
               +--------+--------+--------+--------+--------+-----+--------+

Top non-repeatable levels by time:
  Lair:1: 1778 daAuts
  Lair:6: 1668 daAuts
Spider:2: 1613 daAuts
  Lair:3: 1600 daAuts
    D:15: 1485 daAuts
Spider:1: 1457 daAuts
   Orc:2: 1346 daAuts
     D:1: 1316 daAuts
    D:12: 1289 daAuts
   Orc:1: 1176 daAuts
    D:11: 1158 daAuts
     D:9: 1144 daAuts
     D:8: 1094 daAuts
    D:10: 1088 daAuts
     D:3: 1073 daAuts
